 Dungeon Sprint DCSS version 0.31-a0-844-gdc52ec4e09 (webtiles) character file.

Game seed: 16383353587802760310

921 sircluck the Grappler (level 7, -2/81 HPs)
             Began as a Troll Berserker on Sept 29, 2023.
             Was a Believer of Trog.
             Slain by a killer bee (3 damage)
             ... in the Dungeon (Sprint VII: "The Pits").
             The game lasted 00:00:55 (451 turns).

sircluck the Grappler (Troll Berserker)              Turns: 451, Time: 00:00:55

Health: -2/81      AC:  4    Str: 28    XL:     7   Next: 84%
Magic:  6/6        EV: 12    Int:  3    God:    Trog [**....]
Gold:   0          SH:  0    Dex:  9    Spells: 6/6 levels left

rFire   . .          .
                       - Unarmed
rCold   . . .        (no shield)
rNeg    . . .        a - +0 animal skin
rPois   .            (helmet restricted)
rElec   .            (no cloak)
rCorr   .            (gloves unavailable)
SInv    .            (boots unavailable)
Will    .....        (no amulet)
Stlth   +            (no ring)
HPRegen 1.13/turn    (no ring)
MPRegen 0.10/turn

%: no teleportation
@: lethally poisoned (-2 -> -3), on berserk cooldown, slowed, very slow
A: large, unfitting armour, claws 3, regeneration 1, shaggy fur 1, tough skin 1
a: Renounce Religion, Berserk, Trog's Hand


You were in the Dungeon.
You worshipped Trog.
Trog was pleased with you.
You visited 1 branch

Inventory:

Armour
 a - a +0 animal skin (worn)
Potions
 d - a potion of haste
 e - 2 potions of magic
 f - a potion of berserk rage


   Skills:
 + Level 8.9 Fighting
 + Level 8.7 Dodging
 + Level 10.4 Unarmed Combat


You had 6 spell levels left.
You didn't know any spells.
Your spell library was empty.

Dungeon Overview and Level Annotations

Branches:
Dungeon (1/1)

Altars:


Innate Abilities, Weirdness & Mutations

You are too large for most types of armour.
You have claws for hands.
Your natural rate of healing is unusually fast.
You are covered in fur. (AC +1)
You have tough skin. (AC +1)


Message History

Unknown command.
Unknown command.
The killer bee stings you!
* * * LOW HITPOINT WARNING * * *
The killer bee stings itself.
The killer bee closely misses you. The killer bee stings you.
* * * LOW HITPOINT WARNING * * *
You are poisoned.
The killer bee poisons you!
You barely miss the killer bee.
The killer bee is moderately wounded.
You feel very sick. The killer bee misses you.
The killer bee barely misses you. The killer bee misses you.
The killer bee barely misses you.
You closely miss the killer bee.
The killer bee is moderately wounded.
You feel sick. The killer bee stings you.
* * * LOW HITPOINT WARNING * * *
You are more poisoned.
The killer bee poisons you! The killer bee completely misses you.
You scratch the killer bee. Your claw misses the killer bee.
The killer bee is moderately wounded.
You feel very sick. The killer bee closely misses you.
The killer bee completely misses the killer bee.
The killer bee barely misses you.
You closely miss the killer bee.
The killer bee is moderately wounded.
You feel sick. The killer bee closely misses you. The killer bee stings you.
* * * LOW HITPOINT WARNING * * *
The killer bee stings you.
* * * LOW HITPOINT WARNING * * *
Unknown command.
Unknown command.
You scratch the killer bee.
The killer bee is almost dead.
You feel sick. The killer bee stings you.
* * * LOW HITPOINT WARNING * * *
The killer bee stings you.
You die...

##########++######
#................#
#......#..#......#
#................+
+...@y...........+
#...y..#†.#......#
#................#
####)#####''######
#.......##''#####
#.......##......+
#.......##......+
#...<...##3....##
#.......##...###


You could see 2 killer bees.

Vanquished Creatures
  A black mamba (D)
  A gargoyle (D)
  A neqoxec (D)
  An ice beast (D)
  A swamp drake (D)
  A killer bee (D)
6 creatures vanquished.

Vanquished Creatures (others)
  2 killer bees (D)
2 creatures vanquished.

Grand Total: 8 creatures vanquished

Notes
Turn   | Place    | Note
-------+----------+-------------------------------------------
     0 | D        | sircluck the Troll Berserker began the quest for the Orb.
     0 | D        | Reached XP level 1. HP: 22/22 MP: 0/0
    11 | D        | Noticed a black mamba
    11 | D        | Noticed a gargoyle
    32 | D        | Killed a gargoyle
    33 | D        | Reached skill level 8 in Unarmed Combat
    33 | D        | Reached XP level 2. HP: 37/37 MP: 1/1
    33 | D        | Reached XP level 3. HP: 45/45 MP: 2/2
    33 | D        | Reached XP level 4. HP: 53/53 MP: 3/3
    33 | D        | Reached XP level 5. HP: 61/61 MP: 4/4
    33 | D        | Reached XP level 6. HP: 68/68 MP: 5/5
   180 | D        | Killed a black mamba
   181 | D        | Reached skill level 9 in Unarmed Combat
   181 | D        | Reached XP level 7. HP: 35/80 MP: 6/6
   414 | D        | Noticed a neqoxec
   416 | D        | Reached ** piety under Trog
   426 | D        | HP: 3/81 [poisoned by a killer bee]
   436 | D        | Reached skill level 10 in Unarmed Combat
   443 | D        | Killed a neqoxec
   451 | D        | HP: 1/81 [killer bee (4)]
   451 | D        | Slain by a killer bee

Illustrated notes

Levels and vault maps discovered:
D:        pitsprint [storerooms_1, entrance_room_1, metal_vault_4, armoury_3,
          mini_pit_1, grid_room_1, main_hall_1, silver_pit, the_coven_3,
          the_vestibule_1, steel_vault_2, golden_pit, hallway_of_sentries,
          crystal_vault_6, iron_vault_4, final_vault]

Skill      XL: |  1  2  3  4  5  6  7 |
---------------+----------------------+-----
Fighting       | 6 8 |  8.9
Dodging        | 6 8 |  8.7
Unarmed Combat | 8 9 10 | 10.4

Action                     |  1- 3 |  4- 6 |  7- 9 || total
---------------------------+-------+-------+-------++-------
  Melee: Unarmed           |     9 |     8 |    25 ||    42
 Invoke: Berserk           |     1 |       |     1 ||     2
    Use: Potion            |       |       |     2 ||     2
         Scroll            |       |       |     1 ||     1
 Armour: Animal skin       |     1 |     5 |    37 ||    43
  Dodge: Dodged            |     4 |     5 |    34 ||    43

Table legend: (Time is in decaauts)
 A = Elapsed time spent in this place.
 B = Non-inter-level travel time spent in this place.
 C = Inter-level travel time spent in this place.
 D = Time resting spent in this place.
 E = Time spent auto-exploring this place.
 F = Levels seen in this place.
 G = Mean time per level.
                   A        B        C        D        E       F      G
               +--------+--------+--------+--------+--------+-----+--------+
         Total |    457 |    457 |      0 |    369 |     11 |   1 |  457.0 |
       Dungeon |    457 |    457 |      0 |    369 |     11 |   1 |  457.0 |
               +--------+--------+--------+--------+--------+-----+--------+

Top non-repeatable levels by time:
       D: 457 daAuts
